 Dungeon Crawl Stone Soup version 0.25-a0-713-g4845790874 (webtiles) character file.

Game seed: 975559061540093084, levelgen mode: deterministic

7 mortelune the Skirmisher (level 2, -3/24 HPs)
             Began as a Formicid Abyssal Knight on Apr 5, 2020.
             Was an Initiate of Lugonu.
             Slain by a leopard gecko (4 damage)
             ... on level 1 of the Dungeon.
             The game lasted 00:01:17 (269 turns).

mortelune the Skirmisher (Formicid Abyssal Knight)   Turns: 269, Time: 00:01:18

Health: -3/24      AC:  3    Str: 16    XL:     2   Next: 10%
Magic:  3/3        EV: 11    Int: 11    God:    Lugonu [......]
Gold:   31         SH:  0    Dex: 10    Spells: 1/1 levels left

rFire    . . .     SeeInvis +   a - +1 mace
rCold    . . .     Gourm    .   (no shield)
rNeg     . . .     Faith    .   b - +0 leather armour
rPois    .         Spirit   .   (helmet unavailable)
rElec    .         Reflect  .   (no cloak)
rCorr    .         Harm     .   (no gloves)
MR       .....                  (no boots)
Stlth    +.........             (no amulet)
HPRegen  0.08/turn              (no ring)
MPRegen  0.08/turn              (no ring)

@: no status effects
A: permanent stasis, dig shafts and tunnels, four strong arms, antennae 3
a: Dig, Shaft Self, Renounce Religion


You were on level 1 of the Dungeon.
You worshipped Lugonu.
Lugonu was noncommittal.
You were not hungry.

You visited 1 branch of the dungeon, and saw 1 of its levels.
You visited the Abyss 1 time.

You collected 31 gold pieces.

Inventory:

Hand Weapons
 a - a +1 mace (weapon)
Armour
 b - a +0 leather armour (worn)
Scrolls
 d - a scroll of magic mapping {unknown}
 e - a scroll of identify {unknown}
Comestibles
 c - 2 rations
 f - 2 chunks of flesh


   Skills:
 + Level 3.4 Fighting
 * Level 2.3 Maces & Flails
 + Level 2.4 Armour
 - Level 0.8 Dodging
 - Level 2.1 Invocations


You had one spell level left.
You didn't know any spells.
Your spell library was empty.

Dungeon Overview and Level Annotations

Branches:
Dungeon (1/15)

Altars:


Innate Abilities, Weirdness & Mutations

You cannot be hasted, slowed, berserked, paralysed or teleported.
You can dig through walls and to a lower floor.
Your four strong arms can wield two-handed weapons with a shield.
You have a pair of large antennae on your head. (SInv)


Message History

The goblin hits you with a +0 falchion.
* * * LOW HITPOINT WARNING * * *
A leopard gecko comes into view.
The goblin barely misses you.
The leopard gecko hisses menacingly.
A hobgoblin comes into view. It is wielding a +0 short sword.
The hobgoblin shouts!
The frilled lizard bites you.
* * * LOW HITPOINT WARNING * * *
The frilled lizard hisses.
You barely miss the leopard gecko. The leopard gecko bites you.
* * * LOW HITPOINT WARNING * * *
The frilled lizard unfolds its giant frill.
The leopard gecko barely misses you.
You barely miss the leopard gecko. The leopard gecko bites you.
* * * LOW HITPOINT WARNING * * *
You hit the leopard gecko.
The leopard gecko is severely wounded.
The leopard gecko bites you.
You die...

#### #..# #.. #..# #.#
#..# # #.# #..#
######.# #..# ##.†.#.#
#@## ...#)#.# ##l#
.#.#.#.# ###gl#####
...#...######..g.....#
.....................#
...........##........#
...##.g....#.........#
.......{...#.........#
........{............#


You could see a leopard gecko, a hobgoblin, a goblin and a frilled lizard.

Vanquished Creatures
  A leopard gecko (D:1)
  2 bats (D:1)
  A giant cockroach (D:1)
  A hobgoblin (D:1)
5 creatures vanquished.

Notes
Turn   | Place    | Note
-------+----------+-------------------------------------------
     0 | Abyss:1  | mortelune the Formicid Abyssal Knight began the quest for
                  | the Orb.
     0 | Abyss:1  | Reached XP level 1. HP: 18/18 MP: 2/2
    60 | Abyss:1  | Noticed an alligator skeleton
    61 | D:1      | Escaped the Abyss
    65 | D:1      | Noticed an electric eel
    65 | D:1      | Noticed an electric eel
   172 | D:1      | Reached XP level 2. HP: 22/24 MP: 3/3
   268 | D:1      | HP: 1/24 [leopard gecko (1)]
   269 | D:1      | Slain by a leopard gecko

Levels and vault maps discovered:
D:1:      arrival_aquarium_b, layout_rooms, okawaru_ov_weapons_minmay

Action                   || total
-------------------------++-------
Melee: Mace              ||    27
Invok: Depart the Abyss  ||     1
  Use: Potion            ||     1
Armor: Leather armour    ||    12
Dodge: Dodged            ||    20

Table legend:
 A = Non-vault XP
 B = Vault XP
 C = Vault XP percentage of total XP
 D = Non-vault monster count
 E = Vault monster count
 F = Vault count percentage of total count
                 A         B        C        D         E       F
            +---------+---------+-------+---------+---------+-------
      Total |      11 |       0 |   0.0 |       5 |       0 |   0.0
            +---------+---------+-------+---------+---------+-------
        D:1 |      11 |       0 |   0.0 |       5 |       0 |   0.0
            +---------+---------+-------+---------+---------+-------
